Map: Lerilak Crest

Players

LilDicky

  • Race: Terran Terran
  • League: Diamond

hydraDiX - Winner!

  • Race: Zerg Zerg
  • League: Diamond

VOD

http://www.twitch.tv/tumescentpie

Description

Time

  • Played on: Dec. 10, 2015, 11:16 a.m.
  • Length: 7:33
Show
View Real Time Build Order
Export as new Build Order

LilDicky Terran 

Build Orders: Hellion Banshee 

Get SALT Encoding   

  12  0:01  SCV  
  13  0:13  SCV  
  14  0:17  Supply Depot  
  14  0:26  SCV  
  15  0:38  SCV  
  15  0:42  Barracks  
  16  0:51  SCV  
  17  1:04  SCV  
  18  1:08  Refinery  
  18  1:16  SCV  
  19  1:28  SCV  
  20  1:37  Marine  
  20  1:39  Command Center  
  21  1:41  Orbital Command  
  21  1:51  Supply Depot  
  21  1:55  Reaper  
  21  2:01  Refinery  
  22  2:11  SCV  
  23  2:23  SCV  
  24  2:30  Marine  
  24  2:32  Factory  
  25  2:50  SCV  
  26  2:55  Barracks Reactor  
  26  3:03  Orbital Command  
  26  3:05  SCV  
  27  3:17  SCV  
  28  3:21  Starport  
  28  3:29  Command Center, SCV  
  29  3:36  Barracks Tech Lab  
  29  3:37  Hellion x2  
  34  3:41  SCV  
  35  3:53  SCV  
  35  3:58  SCV  
  35  3:59  Hellion x2  
  35  4:00  Supply Depot  
  40  4:09  Armory  
  39  4:16  Orbital Command  
  39  4:19  Banshee  
  39  4:20  Cloaking Field  
  42  4:44  Orbital Command  
  42  4:46  Hellion x2  
  44  5:19  Banshee  
  44  5:20  Hellion x2  
  17  5:42  Orbital Command  
  12  5:59  SCV x2  
  13  6:06  Banshee  
  13  6:08  SCV  
  18  6:11  SCV x2  
  19  6:20  SCV  
  19  6:23  SCV x2  
  22  6:33  SCV  
  22  6:35  SCV  
  22  6:37  Supply Depot  
  24  6:44  SCV  
  25  6:49  SCV x2  
  27  6:56  SCV  
Show
View Real Time Build Order
Export as new Build Order

hydraDiX Zerg - Winner!

Build Orders: Hatch First 

Get SALT Encoding   

  12  0:01  Drone  
  13  0:12  Overlord  
  13  0:17  Drone  
  14  0:30  Drone  
  14  0:31  Drone  
  14  0:35  Drone  
  17  0:55  Hatchery  
  17  0:57  Drone  
  17  1:10  Spawning Pool  
  16  1:12  Drone  
  17  1:19  Extractor  
  17  1:22  Drone x2  
  18  1:28  Drone  
  19  1:38  Overlord  
  19  1:58  Queen  
  21  2:05  Roach Warren  
  21  2:08  Queen  
  20  2:11  Zergling x2  
  20  2:12  Drone x2  
  25  2:21  Overlord  
  25  2:26  Drone  
  25  2:27  Drone  
  27  2:40  Drone x2  
  27  2:41  Drone  
  30  2:49  Extractor  
  29  2:52  Drone x2  
  31  3:00  Roach  
  31  3:01  Roach  
  35  3:13  Overlord  
  35  3:16  Overlord  
  35  3:32  Roach  
  35  3:33  Roach x3  
  47  3:34  Overlord, Roach x2  
  47  3:40  Extractor  
  46  3:42  Extractor  
  46  3:46  Lair  
  46  3:48  Roach  
  47  3:50  Roach  
  49  4:06  Drone x2  
  49  4:07  Drone  
  51  4:16  Roach x4  
  59  4:35  Overlord x2  
  59  4:56  Ravager x4  
  65  5:00  Roach  
  65  5:03  Drone x5  
  68  5:16  Hatchery  
  58  5:39  Hydralisk Den  
  46  6:09  Hydralisk  
  46  6:10  Hydralisk x5  
  50  6:13  Overlord  
  50  6:15  Roach x2  
  50  6:22  Spore Crawler  
  49  6:26  Spore Crawler  
  49  6:31  Overlord  
  48  6:33  Drone x3  
  48  6:34  Drone x3  
  48  6:35  Queen  
  56  6:43  Spore Crawler  
  56  6:45  Hydralisk  
  56  6:46  Hydralisk x4  
  65  6:54  Drone x2  
  65  6:55  Drone  
  65  7:00  Spore Crawler  
  61  7:12  Overseer  
Tags
 
Add a new tag
Caveats
  • Supply blocks, unpowered buildings, or Contaminate may cause inaccurate times.
  • Supply counts are checked every 10 seconds.